 Dungeon Sprint DCSS version 0.14-a0-3345-g9255d23 (webtiles) character file.

759 BluebellGnoll the Jinx (level 7, -8/32 HPs)
             Began as a Spriggan Enchanter on Mar 17, 2014.
             Was a High Priest of Sif Muna.
             Mangled by a catoblepas (14 damage)
             ... in the Dungeon (Sprint IX: "|||||||||||||||||||||||||||||").
             The game lasted 00:03:22 (546 turns).

BluebellGnoll the Jinx (Spriggan Enchanter)          Turns: 546, Time: 00:03:22

HP  -8/32        AC  4     Str  7      XL: 7   Next: 50%
MP  23/29        EV  4     Int 19      God: Sif Muna [*****.]
Gold 0           SH  0     Dex 16      Spells:  6 memorised, 10 levels left

rFire  . . .     SeeInvis +     p - +2,+1 cutlass (distort)
rCold  . . .     Clarity  .     b - +1 robe
rNeg   + + +     Conserve .     (shield restricted)
rPois  +         rCorr    .     (helmet restricted)
rElec  .         rRot     +     q - +0 cloak
SustAb . .       Spirit   .     (gloves unavailable)
rMut   .         Warding  .     (boots unavailable)
Saprov . . .     NoTele   +     (no amulet)
MR     +....                    s - +3 ring of strength
                                r - +2 ring of evasion

@: petrified, very quick, somewhat resistant to hostile enchantments, extremely
stealthy
A: unfitting armour, see invisible, herbivore 3, speed 3, slow metabolism 2
a: Channel Energy, Forget Spell, Renounce Religion


You were in the Dungeon.
You worshipped Sif Muna.
Sif Muna was extremely pleased with you.
You were not hungry.

You visited 1 branch

Inventory:

Hand weapons
 a - a +1,+1 dagger
 p - a +2,+1 cutlass of distortion (weapon)
Missiles
 d - 12 darts (quivered)
Armour
 b - a +1 robe (worn)
 q - a +0 cloak (worn)
Magical devices
 o - a wand of fire (7)
Scrolls
 k - 2 scrolls of blinking
 m - 3 scrolls of remove curse
 n - 2 scrolls of amnesia
Jewellery
 r - a +2 ring of evasion (left hand)
 s - a +3 ring of strength (right hand)
Potions
 e - a potion of porridge
 f - 5 potions of curing
 g - 3 potions of heal wounds
 h - a potion of haste
 i - 4 potions of magic
 j - a potion of berserk rage
 l - a potion of invisibility
Books
 c - a book of Maledictions

   Spells                             Type                      Level
   *Corona                            Hexes                        1
   *Sure Blade                        Hexes/Charms                 2
   *Ensorcelled Hibernation           Hexes/Ice                    2
   *Confuse                           Hexes                        3
   *Enslavement                       Hexes                        4
   *Invisibility                      Hexes                        6


   Skills:
 - Level 1.1 Short Blades
 - Level 1.1 Throwing
 - Level 9.1 Dodging
 + Level 11.5 Stealth
 - Level 11.3 Spellcasting
 - Level 12.1 Hexes


You had 10 spell levels left.
You knew the following spells:

 Your Spells              Type           Power        Failure   Level  Hunger
a - Corona                Hex            ######.      1%          1    None
b - Ensorcelled Hibernat  Hex/Ice        ####..       1%          2    None
c - Confuse               Hex            ######..     1%          3    None
d - Sure Blade            Hex/Chrm       ####......   1%          2    None
e - Enslavement           Hex            ######..     1%          4    ##.....
f - Invisibility          Hex            ######..     10%         6    ######.


Dungeon Overview and Level Annotations

Branches:
Dungeon (1/1)

Altars:
Ashenzari
Cheibriados
Dithmenos
Elyvilon
Fedhas
Kikubaaqudgha
Makhleb
Nemelex Xobeh
Okawaru
Sif Muna
Trog
Vehumet
Xom
Yredelemnul
Zin
The Shining One


Innate Abilities, Weirdness & Mutations

You are tiny and cannot use many weapons and most armour.
You have supernaturally acute eyesight.
You are a herbivore.
You cover ground extremely quickly.
You need consume almost no food.


Message History

Casting: Confuse
Confirm with . or Enter, or press ? or * to list all spells.
Aiming: Confuse
Press: ? - help, Shift-Dir - straight line, f/p - catoblepas
Aim: a catoblepas (heavily wounded)
The catoblepas resists with almost no effort.
You are engulfed in calcifying dust.
The catoblepas breathes a plume of calcifying dust at you.
The blast of calcifying dust hits you!
Your limbs are stiffening.
You are engulfed in calcifying dust.
Your limbs have turned to stone.
You have turned to stone.
You are engulfed in calcifying dust.
The bond with your blade fades away. The catoblepas gores you.
The catoblepas gores you!
* * * LOW HITPOINT WARNING * * *
The giant spore waves its rhizomes.
The vampire mosquito buzzes angrily.
The catoblepas gores you!
You die... ▓▓▓▓▓▓▓▓▓▓▓▓▓▓▓▓▓▓▓▓▓▓▓▓▓ '.%.......'.....@Y*..5yz+ ▓▓▓▓▓▓▓▓▓▓▓▓▓▓▓▓▓▓▓▓▓▓▓▓▓

You could see a catoblepas, a vampire mosquito, a shadow imp (wandering), a worm zombie and a giant spore.

Vanquished Creatures
  An unseen horror (D)
  3 jellies (D)
  3 iguanas (D)
  An adder (D)
  A giant mite (D)
  A giant gecko (D)
  An orc (D)
  A kobold (D)
  2 bats (D)
  2 giant newts (D)
  A rat (D)
  A rat zombie (D)
18 creatures vanquished.

Notes
Turn   | Place    | Note
--------------------------------------------------------------
     0 | D        | BluebellGnoll, the Spriggan Enchanter, began the quest for the Orb.
     0 | D        | Reached XP level 1. HP: 9/9 MP: 4/4
     9 | D        | Reached skill level 4 in Stealth
    11 | D        | Reached skill level 5 in Stealth
   122 | D        | Noticed an iguana
   122 | D        | Noticed an iguana
   124 | D        | Killed an iguana
   124 | D        | Reached skill level 9 in Stealth
   124 | D        | Reached XP level 2. HP: 13/13 MP: 7/7
   124 | D        | Reached XP level 3. HP: 16/16 MP: 9/9
   126 | D        | Reached skill level 10 in Stealth
   128 | D        | Killed an iguana
   128 | D        | Reached skill level 11 in Stealth
   145 | D        | Learned a level 2 spell: Ensorcelled Hibernation
   149 | D        | Learned a level 3 spell: Confuse
   149 | D        | Found an ancient bone altar of Kikubaaqudgha.
   149 | D        | Found a snail-covered altar of Cheibriados.
   149 | D        | Found a deep blue altar of Sif Muna.
   149 | D        | Found a shimmering altar of Xom.
   149 | D        | Found a shadowy altar of Dithmenos.
   149 | D        | Found an iron altar of Okawaru.
   149 | D        | Found a basalt altar of Yredelemnul.
   150 | D        | Found a blossoming altar of Fedhas.
   151 | D        | Found a burning altar of Makhleb.
   152 | D        | Found a bloodstained altar of Trog.
   153 | D        | Found a shattered altar of Ashenzari.
   154 | D        | Became a worshipper of Sif Muna the Loreminder
   155 | D        | Found a glowing silver altar of Zin.
   156 | D        | Found a white marble altar of Elyvilon.
   157 | D        | Found a radiant altar of Vehumet.
   158 | D        | Found a sparkling altar of Nemelex Xobeh.
   159 | D        | Found a glowing golden altar of the Shining One.
   160 | D        | Found a basalt altar of Yredelemnul.
   161 | D        | Found an ancient bone altar of Kikubaaqudgha.
   193 | D        | Noticed an unseen horror
   193 | D        | Noticed a jelly
   193 | D        | Noticed an iguana
   199 | D        | Killed an unseen horror
   199 | D        | Acquired Sif Muna's first power
   199 | D        | Acquired Sif Muna's second power
   199 | D        | Acquired Sif Muna's third power
   199 | D        | Reached skill level 12 in Hexes
   199 | D        | Reached XP level 4. HP: 17/21 MP: 0/23
   199 | D        | Reached XP level 5. HP: 19/24 MP: 0/25
   199 | D        | Reached XP level 6. HP: 22/28 MP: 0/27
   199 | D        | Reached XP level 7. HP: 25/32 MP: 0/29
   215 | D        | Learned a level 2 spell: Sure Blade
   220 | D        | Learned a level 4 spell: Enslavement
   227 | D        | Learned a level 6 spell: Invisibility
   455 | D        | Killed a jelly
   455 | D        | Reached skill level 5 in Dodging
   463 | D        | Killed a jelly
   476 | D        | Killed a jelly
   482 | D        | Killed an iguana
   537 | D        | Noticed a catoblepas
   537 | D        | Noticed a vampire mosquito
   546 | D        | Mangled by a catoblepas

Action                   |  1- 3 |  4- 6 |  7- 9 || total
-------------------------+-------+-------+-------++-------
Melee: Dagger            |    18 |       |       ||    18
       Cutlass           |     2 |       |    10 ||    12
 Cast: Corona            |     2 |       |       ||     2
       Confuse           |     1 |       |     2 ||     3
       Ensorcelled Hiber |       |       |     8 ||     8
       Sure Blade        |       |       |     1 ||     1
 Stab: Sleeping          |     6 |       |     7 ||    13
